Cogmind - Beta 14 @@@ ROGUE MODE // 2025.04.30 @ 19:09:46 Player: Zeta Lockhart Result: Destroyed by G-34 Mercenary with Small Laser Performance ------------- Evolutions (0) 0 Regions Visited (1) 200 Robots Destroyed (5) 25 Value Destroyed (155) 155 Prototype IDs (0) 0 Alien Tech Used (0) 0 Bonus (0) 0 TOTAL SCORE: 380 Bonus ------- None Cogmind --------- Core Integrity 0/250 Matter 285/300 Energy 100/100 System Corruption 0% Temperature Warning (327) Movement Core (150) Ox2 Location -10/Materials Parts ------- > --- POWER (1) -------- (None) > --- PROPULSION (2) --- (None) > --- UTILITY (2) ------ Small Storage Unit > --- WEAPON (2) ------- Light Cannon > --- INVENTORY (8) ---- Light Ion Engine EM Pulse Gun Small Laser Beam Cannon Light Assault Rifle Grenade Launcher Peak State ------------ > --- POWER ------------ Light Ion Engine > --- PROPULSION ------- Wheel Compact Wheel > --- UTILITY ---------- Small Storage Unit Tractor Beam > --- WEAPON ----------- Light Assault Rifle Light Assault Rifle > --- INVENTORY -------- Light Ion Engine EM Pulse Gun [Rating: 7] Favorites ----------- Power Light Ion Engine Engine Light Ion Engine Propulsion Wheel Wheel Wheel Utility Small Storage Unit Device Tractor Beam Storage Small Storage Unit Weapon Light Assault Rifle Ballistic Gun Light Assault Rifle Ballistic Cannon Light Cannon Build | -11 -10 ------- Run | Yrd Mat Slots Evolved . | . . Power . | . . Propulsion . | . . Utility . | . . Weapon . | . . Parts Attached 10 | 7 3 Power 1 | 1 . Engine 1 | 1 . Core . | . . Reactor . | . . Propulsion 2 | 2 . Treads . | . . Leg . | . . Wheel 2 | 2 . Hover . | . . Flight . | . . Utility 2 | 2 . Device 1 | 1 . Storage 1 | 1 . Processor . | . . Hackware . | . . Protection . | . . Artifact . | . . Weapon 5 | 2 3 Energy Gun . | . . Energy Cannon . | . . Ballistic Gun 3 | 2 1 Ballistic Cannon 2 | . 2 Launcher . | . . Special Weapon . | . . Impact Weapon . | . . Slashing Weapon . | . . Piercing Weapon . | . . Special Melee Weapon . | . . Unidentified Prototypes . | . . Parts Lost 7 | . 7 Power 1 | . 1 Propulsion 2 | . 2 Utility 1 | . 1 Weapon 3 | . 3 Highest Loss Streak 7 | . 7 To Critical Strikes . | . . Average Slot Usage (%) 95 | . 95 Engine 13 | . 13 Wheel 25 | . 25 Device 14 | . 14 Storage 14 | . 14 Ballistic Gun 23 | . 23 Ballistic Cannon 3 | . 3 Peak Build Rating 7 | 7 7 Average Rating 5 | 4 6 On Entrance 3 | . 7 Naked Turns . | . . Heaviest Build 12 | 11 12 Greatest Support 26 | 26 26 Greatest Overweight (x) . | . . Average Overweight (x) . | . . Largest Inventory Capacity 8 | 8 8 Average Capacity 7 | 7 8 Most Carried 8 | 5 8 Average Carried 4 | 2 5 Final Capacity 8 | 8 8 Final Carried 6 | 2 6 Class Distribution -------------------- 100% | Mutant Dominant Class ---------------- Mutant | -10/Materials Resources | -11 -10 ----------- Run | Yrd Mat Matter Collected 382 | 280 102 Remotely 202 | 100 102 Salvage Created 200 | 57 143 Parts 8 | 3 5 Haulers Intercepted . | . . Recyclers Shooed . | . . Parts Field Recycled . | . . Retrieved Matter . | . . Parts Self-Destructed . | . . Prevented . | . . Kills | -11 -10 ------- Run | Yrd Mat Combat Hostiles Destroyed 4 | . 4 Guns 2 | . 2 Cannons 2 | . 2 Classes Destroyed 2 | 1 1 Recycler 1 | 1 . Grunt 4 | . 4 Best Kill Streak 4 | 1 4 Combat Bots Only 4 | . 4 Max Kills in Single Turn 1 | 1 1 Gunslinging . | . . Exploded . | . . Melee . | . . Uniques/NPCs Destroyed . | . . Combat | -11 -10 -------- Run | Yrd Mat Hostile Shots Fired 91 | . 91 Missed 17 | . 17 Damage Taken 882 | . 882 Core 259 | . 259 Absorbed by Shields . | . . Core Remaining (%) 100 | 100 . Volleys Fired 25 | 5 20 Largest 2 | 2 2 Hottest 70 | 40 70 Shots Fired 49 | 10 39 Gun 32 | 10 22 Cannon 17 | . 17 Launcher . | . . Special . | . . Kinetic 49 | 10 39 Thermal . | . . Explosive . | . . Electromagnetic . | . . Robot Hit Streak 5 | 4 5 Robot Miss Streak 2 | 1 2 Penetration Max . | . . Secondary Targets . | . . Shots Hit Robots 32 | 8 24 Core Hits 11 | 2 9 Critical Kills . | . . Critical Parts Destroyed . | . . Critical Strikes . | . . Melee Attacks . | . . Impact . | . . Slashing . | . . Piercing . | . . Sneak Attacks . | . . Combat Hostiles . | . . Follow-up Attacks . | . . Damage Inflicted 424 | 71 353 Guns 212 | 71 141 Cannons 212 | . 212 Explosions . | . . Melee . | . . Ramming . | . . Kinetic 424 | 71 353 Thermal . | . . Explosive . | . . Electromagnetic . | . . Impact . | . . Slashing . | . . Piercing . | . . Highest Corruption . | . . Average Corruption . | . . Corruption Purged . | . . Corruption Blocked . | . . Overload Shots . | . . Overflow Damage . | . . Projectiles . | . . Explosions . | . . Melee . | . . Knockbacks 6 | . 6 Impact . | . . Kinetic 6 | . 6 Secondary . | . . Self-Inflicted Damage . | . . Shots . | . . Rammed . | . . Targets Rammed . | . . Kicked . | . . Crushed . | . . Highest Temperature 329 | . 329 Average Temperature 146 | . 146 Received Heat Transfer 504 | . 504 Effects 1 | . 1 Damage (minor) 1 | . 1 Siege Activations . | . . Robots Corrupted . | . . Combat Hostiles . | . . Parts Fried . | . . Impact Corruptions . | . . Robots Melted . | . . Combat Hostiles . | . . Parts Melted . | . . Heat Transferred . | . . Parts Sabotaged . | . . Parts Stolen . | . . Parts Stripped . | . . Power Chain Reactions . | . . Alert | -11 -10 ------- Run | Yrd Mat Peak Influence 72 | 5 72 Initial 3 | . 3 Average 15 | 1 21 Maximum Alert Level . | . . Low Security (%) 100 | 100 100 Level 1 . | . . Level 2 . | . . Level 3 . | . . Level 4 . | . . Level 5 . | . . High Security . | . . Max Security . | . . Squads Dispatched 1 | . 1 Investigation . | . . Extermination . | . . Reinforcement 1 | . 1 Assault . | . . Garrison . | . . Intercept . | . . Searches Triggered . | . . Construction Impeded . | . . Haulers Reinforced . | . . Active Scanning Responses . | . . Cargo Convoy Interrupts . | . . Stealth | -11 -10 --------- Run | Yrd Mat Distress Signals 1 | . 1 Communications Jammed . | . . Distress Signals . | . . Times Spotted 11 | . 11 Peak Tracking Total 9 | . 9 Tactical Retreats 1 | . 1 Traps | -11 -10 ------- Run | Yrd Mat Traps Triggered . | . . Indirectly . | . . Trap Hack Attempts . | . . Triggered . | . . Disarmed . | . . Reprogrammed . | . . Reused . | . . Traps Extracted . | . . Installed . | . . Triggered . | . . Machines | -11 -10 ---------- Run | Yrd Mat Machines Disabled . | . . Max in Single Turn . | . . Machines Repaired . | . . Machines Dismantled . | . . Machines Sabotaged . | . . Overloaded Fab Kills . | . . Hacking | -11 -10 --------- Run | Yrd Mat Machines Accessed 2 | . 2 Terminals 2 | . 2 Fabricators . | . . Repair Stations . | . . Recycling Units . | . . Scanalyzers . | . . Garrison Access . | . . Total Hacks 6 | . 6 Successful 2 | . 2 Failed 4 | . 4 Catastrophic 1 | . 1 Database Lockouts . | . . Manual . | . . Terminals 6 | . 6 Fabricators . | . . Repair Stations . | . . Recycling Units . | . . Scanalyzers . | . . Garrison Access . | . . Terminal Hacks 2 | . 2 Branch Access Points 1 | . 1 Surveillance Status 1 | . 1 Fabricator Hacks . | . . Repair Station Hacks . | . . Recycling Unit Hacks . | . . Scanalyzer . | . . Garrison Access Hacks . | . . Unauthorized Hacks . | . . Terminals . | . . Fabricators . | . . Repair Stations . | . . Recycling Units . | . . Scanalyzers . | . . Garrison Access . | . . Data Cores Recovered . | . . Used . | . . Hacking Detections 1 | . 1 Full Trace Events . | . . Feedback Events . | . . Feedback Blocked . | . . Robot Schematics Acquired . | . . Robots Built . | . . Authchips . | . . Time . | . . Total Robot Build Rating . | . . Part Schematics Acquired . | . . Parts Built . | . . Authchips . | . . Time . | . . Total Part Build Rating . | . . Parts Repaired . | . . Time . | . . Parts Recycled . | . . Recycled Matter . | . . Retrieved Matter . | . . Retrieved Components . | . . Parts Scanalyzed . | . . Part Schematics Acquired . | . . Parts Damaged . | . . Bothacking | -11 -10 ------------ Run | Yrd Mat Used RIF Installer . | . . Robots Hacked . | . . Non-combat . | . . Combat . | . . Robot Hacks Applied . | . . Relay Couplers Released . | . . Fabnet Peak Effective % . | . . Robots Rewired . | . . Allies Hacked . | . . Hacks Repelled . | . . Allies | -11 -10 -------- Run | Yrd Mat Total Allies . | . . Largest Group . | . . Highest-Rated Group . | . . Highest-Rated Ally . | . . Total Orders . | . . Ally Attacks . | . . Total Damage . | . . Kills . | . . Allies Corrupted . | . . Allies Melted . | . . Intel | -11 -10 ------- Run | Yrd Mat Robot Analysis Total . | . . Derelict Logs Recovered . | . . Drone Launches . | . . Drone Recoveries . | . . Exploration | -11 -10 ------------- Run | Yrd Mat Turns Passed 238 | 71 167 Spaces Moved 162 | 52 110 Core 12 | 12 . Treads . | . . Legs . | . . Wheels 150 | 40 110 Hover . | . . Flight . | . . Fastest Speed 50 | 50 90 Average Speed 87 | 80 90 Slowest Speed 90 | 90 90 Overloaded Moves . | . . Propulsion Burnouts . | . . Robots Hopped . | . . Cave-ins Triggered . | . . Exploration Rate (%) 14 | 4 25 Regions Visited 1 Branch Regions . Pre-discovered Areas . | . . Known Exits Taken . | . . Unknown Exits Taken 1 | 1 . Scrap Searched . | . . Spaces Dug . | . . Terrain Destroyed . | . . Melee . | . . Projectile . | . . AOE . | . . Terrain Rammed . | . . Walls Destroyed . | . . Machines Disabled . | . . Actions | -11 -10 --------- Run | Yrd Mat Total 214 | 72 142 Wait 3 | . 3 Move 161 | 51 110 Hop . | . . Pick Up 15 | 9 6 Fast Attach . | . . Attach 9 | 7 2 Detach . | . . Swap 1 | . 1 Drop . | . . Fire 25 | 5 20 Melee . | . . Ram . | . . Kick . | . . Crush . | . . Escape Stasis . | . . Rewire . | . . Trap . | . . Miscellaneous . | . . Route ------- -11/Scrapyard -10/Materials (discovered 2 exits: Min x2) History --------- Turn | Location | Event 21 | -11/Scrapyard | Discovered new exit (range 16) 72 | -11/Scrapyard | Entered Materials 104 | -10/Materials | Identified exit to Mines 223 | -10/Materials | Core integrity fell below 50% 234 | -10/Materials | Core integrity fell below 20% 239 | -10/Materials | Destroyed by G-34 Mercenary with Small Laser Last Messages --------------- 00213_ G-34 Mercenary knocked back. 00214_ Acquired 5 matter. 00216_ G-34 Mercenary knocked back. 00217_ Acquired 5 matter. 00219_ G-34 Mercenary destroyed. 00219_ Lgt. Assault Rifle destroyed. 00220_ Wheel destroyed. 00223_ Acquired 5 matter. 00223_ Critical hit (Burn: +37). 00223_ G-34 Mercenary knocked back. 00224_ Acquired 8 matter. 00226_ G-34 Mercenary knocked back. 00226_ Lgt. Ion Engine destroyed. 00227_ Acquired 3 matter. 00229_ G-34 Mercenary destroyed. 00230_ Acquired 8 matter. 00230_ Tractor Beam destroyed. 00235_ Overheating: Lgt. Cannon damaged (-2). 00235_ Lgt. Cannon destroyed. 00238_ G-34 Mercenary destroyed. Map ----- +----------------------------------------------------+ | ?????????????????????????????????????????????? | | ?????????????????????????????????????????????? | | ?????????????????????????????????????????????? | | ?????????????????????????????????????????????? | | ?????????????????????????????????????????????? | | ?????????????????????????????????????????????? | | ????????????????????????????????????? ?????? | | ??????????????????????????????????### #????? | | ???????????????????????????????? #????? | | ??????????????????????? ????? +????? | | ??????????????????????? ???? #????? | | ??????????????????????? ????? #????? | | ??????????????????????# ?? #????? | | ??????????????????????# ? ###### | | ??????????????????????# ^ | | ??????????????????????# | | ??????????????????????# | | ??????????????????????# """"" """"" """"" | | ??????????????????????# """"" """"" """"" | | ??????????????????????# """"" """"" """"" | | ?????????????????###### | | ?????????????????? | | ???????????????????? ##+#####"T"#"T | | ???????????????????? #?????# #"""#"" | | ???????????????????#####/#####??# ####### | | ???????????????????# @ !g=% #??#== #?????? | | ???????????????????# !%=%% #??#== #?????? | | ???????????????????# =!%% #??#== #?????? | | ???????????????????# % #??# #?????? | | ???????????????????# % % #??###+####?????? | | ???????????????????# #????# #????????? | | ???????????????????# g###### #????????? | | ???????????????????# + #????????? | | ???????????????????##################????????? | | ?????????????????????????????????????????????? | | ?????????????????????????????????????????????? | | | | | | | | | | | | | | | | | | | | | | | | | | | | | +----------------------------------------------------+ Best States ------------- Heat Dissipation 25 Energy Generation 10 Energy Capacity 125 Matter Stores 300 Matter Capacity 300 Sight Range 16 Terrain Scan Density 10 Evasion (%) 50 Item Schematics ----------------- None Robot Schematics ------------------ None Fabricated ------------ Nothing Alien Tech Used ----------------- None Achievements -------------- None Challenges ------------ None Game ------ Seed MomentumPortableTrap Manual? 0 Play Time 00:05:55 Cumulative 84.8 hours Start 2025.04.30 @ 19:06:09 End 2025.04.30 @ 19:09:46 Sessions 1 Manual Loads 0 Difficulty Rogue Special Mode None Game No. 87 Rogue 87 Adventurer 0 Explorer 0 Win Type - Total 0 Types 0/0/0/0/0/0/0/0/0 Lore% 7 Gallery% 41 Achievement% 34 Wizard Run 0 Options --------- Layout 0 ASCII 0 Keyboard 0 Movement Mouse Keybinds 0 Fullscreen 2 Font 12/Smallcaps Map View 41x27 Zoom Use 98% Tactical HUD 1 Map Filters NONE Filters NONE Steam 1 RUN: a8ba5fc1-9e9f-4038-a582-05142f10c5dc